[Event "Sardinia World Festival-A 2024"]
[Site "Orosei"]
[Date "2024.04.29"]
[Round "3.23"]
[White "Casadio, Niccolo`"]
[Black "Bronstein, Or"]
[Result "0-1"]
[ECO "B90"]
[WhiteElo "2309"]
[BlackElo "2458"]
[Annotator "TA"]
[PlyCount "70"]
[EventDate "2024.04.26"]
[EventType "swiss"]
[EventCountry "ITA"]
[SourceTitle "playchess.com"]
[Source "ChessBase"]
[SourceQuality "1"]
[TimeControl "40/5400+30:1800+30"]

1. e4 c5 2. Nf3 d6 3. d4 cxd4 4. Nxd4 Nf6 5. Nc3 a6 6. Qd3 Nbd7 7. Be2 e6 8. g4 {[%emt 0:00:32] The position is equal.} h6 9. Qh3 Nc5 10. f3 e5 11. Nf5 g6 12. Ne3 Be6 (12... h5 $11) 13. Bd2 $14 Be7 14. Qg2 (14. O-O-O $16) 14... b5 15. a3 (15. O-O-O $14) 15... Rb8 16. h4 Nfd7 17. Qg3 Nb6 (17... h5 $11) 18. O-O-O $16 Nca4 {[%emt 0:08:43] [#]} 19. g5 Qc7 {[%emt 0:08:32][%cal Oa4b2] aiming for ...Nxb2!} 20. f4 $2 {[%emt 0:10:49] [#]} (20. Nxa4 $1 $14 Nxa4 21. gxh6) 20... Nxb2 (20... exf4 $1 $19 21. Qxf4 Rc8 (21... hxg5 22. hxg5 Rxh1 23. Rxh1 $11)) 21. Kxb2 (21. f5 $1 $15 Nxd1 22. Kxd1 hxg5 23. fxe6 fxe6 24. Qg4) 21... Na4+ $2 (21... exf4 $17 22. Qxf4 Na4+ 23. Nxa4 bxa4+ 24. Bb4 Rxb4+ 25. axb4 a3+ 26. Kc1 (26. Kxa3 Qc3+ 27. Ka4 Bd7+ 28. b5 O-O) 26... Qc3) 22. Nxa4 $11 bxa4+ 23. Ka1 {[%emt 0:01:30] And now fxe5 would win.} exf4 24. Qxf4 {[%emt 0:00:05] [#]} (24. Nd5 $1 $11 {and White has nothing to worry.} Bxd5 25. Qc3 Qxc3+ 26. Bxc3 Bxe4 27. Bxh8 Bxh1 28. Rxh1 hxg5 29. hxg5 (29. Bxa6 gxh4 30. Bd4 d5 $17) 29... Bxg5 30. Bd4 (30. Bxa6 f6 $11)) 24... Qc5 $40 {[%emt 0:00:14][%mdl 128] Black mounts an attack.} (24... hxg5 $1 $19 25. Qf3 (25. hxg5 $2 Rxh1 26. Rxh1 Qc5 $19) 25... g4) 25. Bb4 $2 (25. gxh6 $2 Qxa3#) (25. Nc4 $15 Bxc4 26. Bb4 Rxb4 27. axb4 Qxb4 28. Bxc4 Qc3+ (28... Qxc4 29. Qe3 $15) 29. Kb1 Qxc4 30. Qe3) 25... Rxb4 $19 26. Rd3 {[%emt 0:02:10] Inhibits Qc3+.} Rd4 ({Weaker is} 26... hxg5 27. axb4 gxf4 28. bxc5 fxe3 29. cxd6 $11) 27. Kb2 hxg5 28. Qf3 Rxd3 29. Bxd3 Qd4+ 30. Kc1 gxh4 31. Nd5 Bg5+ 32. Kd1 Bxd5 33. exd5 O-O {[%emt 0:00:19] ( -> ...Re8)} 34. Rf1 Qc3 (34... f5 $142 35. Qf2 Qa1+ (35... Qxd5 $2 36. Rg1 $19) 36. Ke2 Qe5+ (36... Qxa3 $2 37. Qd4 $19) 37. Kd1 Re8 (37... Qxd5 $2 38. Rg1 $19) 38. c3 Qxd5 (38... Qxc3 $2 39. Qc2 $19) 39. Qc2 Re3 40. Kc1 Re2+ (40... Qxd3 41. Qxd3 Rxd3+ 42. Kb1 h3 43. Rh1 Rxc3 44. Kb2 Bf6 45. Rf1 Rf3+ 46. Ka2 h2 47. Rh1 Rf2+ 48. Kb1 Rb2+ 49. Kc1 Ra2 50. Rd1 Ra1+ 51. Kc2 Rxd1 52. Kxd1 h1=Q+ 53. Ke2 Qg2+ 54. Ke3 Be5 55. Kd3 Qf2 56. Kc4 Qd4#) 41. Kb1 Rxc2 42. Bxc2 Qb5+ 43. Ka2 Qxf1 44. Bxa4 h3 45. Bc2 Kf8 (45... Qc4+ {is a self mate.} 46. Bb3 d5 47. Bxc4 dxc4 48. a4 h2 49. Ka3 h1=Q 50. Kb4 Qd5 51. Ka3 Bc1+ 52. Ka2 Qg2+ 53. Kb1 Qb2#) 46. Kb2 Bc1+ 47. Kb1 Qe1 (47... Bxa3+ {leads to mate.} 48. Ka2 Qc1 49. Kb3 Qb2+ 50. Ka4 Qxc3 51. Bd1 Qb4#) (47... h2 48. Ba4 Qd3+ 49. Kxc1 h1=R+ 50. Bd1 Rxd1+ 51. Kb2 Qb1#) 48. c4 h2 (48... Bxa3+ $2 49. Bd1 Qc3 50. Be2 Qb2#) 49. Bb3 Qc3 50. Bd1 Qb2#) 35. Rf2 Qa1+ {[%emt 0:00:24] Weighted Error Value: White=1.27/Black=0.59.  Loses game:     	White=3     	---        Mistake:       	White=4     	Black=5      Inaccurate:     	White=2     	Black=3      OK:         	White=7     	Black=5      Best:        	White=2     	Black=1} 0-1

[Event "Sardinia World Festival-A 2024"]
[Site "Orosei"]
[Date "2024.04.29"]
[Round "3.24"]
[White "Royal, Shreyas"]
[Black "Piscopo, Pierluigi"]
[Result "1/2-1/2"]
[ECO "D32"]
[WhiteElo "2455"]
[BlackElo "2312"]
[Annotator "TA"]
[PlyCount "85"]
[EventDate "2024.04.26"]
[EventType "swiss"]
[EventCountry "ITA"]
[SourceTitle "playchess.com"]
[Source "ChessBase"]
[SourceQuality "1"]
[TimeControl "40/5400+30:1800+30"]

1. d4 d5 2. c4 e6 3. Nc3 c5 4. cxd5 exd5 5. Nf3 Nc6 6. dxc5 d4 7. Na4 Bxc5 8. Nxc5 Qa5+ 9. Bd2 Qxc5 10. e3 dxe3 11. Bxe3 Qb4+ 12. Qd2 Qxd2+ 13. Bxd2 Be6 14. Bb5 Nge7 15. O-O O-O {[%emt 0:00:46] The position is equal.} 16. b3 Rfd8 17. Rfd1 h6 18. h3 a6 19. Be2 a5 20. Rdc1 Nf5 21. Bd1 Bd5 22. Be1 Nb4 23. Rc3 Be6 24. Bd2 Bd5 25. a3 Nc6 {[%emt 0:00:21] Hoping for ...Bxf3.} 26. Bf4 Be6 27. Kf1 Rd7 28. g4 Nfe7 29. Ne5 Nxe5 30. Bxe5 Nc6 31. Bf4 Rad8 32. Be2 Nd4 33. Bc4 Bxc4+ 34. bxc4 a4 35. Re1 Nb3 36. Re5 Rd3 37. Rxd3 Rxd3 $11 {[%emt 0:00:01][%mdl 4096] Endgame. KRB-KRN} 38. Be3 Rc3 39. Rb5 Rxc4 40. Rxb7 Nd4 41. Bxd4 Rxd4 42. Ke2 {[%emt 0:00:07] Dodges Rd3} g5 43. Ra7 {[%emt 0:00:00] Weighted Error Value: White=0.04 (flawless) /Black=0.02 (flawless) .  OK:         	White=12    	Black=19     Best:        	---       	Black=1} 1/2-1/2

[Event "Sardinia World Festival-A 2024"]
[Site "Orosei"]
[Date "2024.04.29"]
[Round "3.25"]
[White "Levin, Guy"]
[Black "Bettalli, Francesco"]
[Result "1/2-1/2"]
[ECO "D78"]
[WhiteElo "2451"]
[BlackElo "2309"]
[Annotator "TA"]
[PlyCount "85"]
[EventDate "2024.04.26"]
[EventType "swiss"]
[EventCountry "ITA"]
[SourceTitle "playchess.com"]
[Source "ChessBase"]
[SourceQuality "1"]
[TimeControl "40/5400+30:1800+30"]

1. Nf3 g6 2. d4 Nf6 3. g3 Bg7 4. Bg2 d5 5. O-O O-O 6. c4 c6 7. a4 Ne4 8. Nc3 Nxc3 9. bxc3 {White is slightly better.} c5 (9... Bf5 $14) 10. cxd5 $16 (10. dxc5 e6 11. Bf4 Bxc3 $18) 10... Qxd5 11. Ba3 cxd4 12. Bxe7 Re8 13. Ba3 d3 14. Ne1 (14. exd3 $16 {Re1 is the strong threat.} Qa5 15. Nd4) 14... Qa5 ({Black should try} 14... Qxg2+ $14 15. Nxg2 dxe2) 15. Nxd3 ({But not} 15. Qxd3 $6 Nc6 $11) 15... Qxc3 16. Bb2 Qa5 17. Bxg7 Kxg7 18. Rc1 Nd7 19. Qb3 Rb8 20. Nf4 {[%emt 0:10:00] aiming for Nd5. White is more active.} b5 $2 (20... Nf6 $16) 21. Bc6 $2 (21. Qb2+ $18 Kh6 22. axb5 Rxb5 23. Qd4) 21... bxa4 $14 22. Qxa4 (22. Qa3 {looks sharper.} Rd8 23. Rc4 Nb6 24. Rc5) 22... Qxa4 23. Bxa4 {[%emt 0:00:30] [#] Rc7 would now be deadly.} Re4 24. Bxd7 Bxd7 {[%emt 0:00:30] The position is equal.} 25. Rc7 Bb5 26. f3 Re3 27. Rxa7 Bxe2 28. Rc1 {[%emt 0:00:30] [#] Threatens to win with Rcc7.} Rb2 29. Re1 $1 Re8 30. h4 Bb5 31. Rxe8 Bxe8 $11 {[%emt 0:00:30][%mdl 4096] Endgame. KRB-KRN} 32. Ne6+ Kf6 33. Ng5 h6 34. Ne4+ Kg7 35. Nd6 Re2 36. g4 Re6 37. Nc4 Re2 38. Kf1 Re6 39. Kf2 Bb5 40. Ne3 Bc6 41. Nc2 Rd6 42. Ke3 {[%emt 0:00:30] Against Rd2} Re6+ 43. Kf2 {[%emt 0:00:30] Weighted Error Value: White=0.17 (very precise) /Black=0.13 (very precise) .  Missed win:     	White=1     	---        Mistake:       	White=1     	Black=3      Inaccurate:     	White=1     	Black=1      OK:         	White=14    	Black=15     Best:        	White=3     	Black=1      Strong:       	White=1     	---} 1/2-1/2

[Event "Sardinia World Festival-A 2024"]
[Site "Orosei"]
[Date "2024.04.29"]
[Round "3.26"]
[White "Ben Ari, Yannay"]
[Black "Bifulco, Michel"]
[Result "1/2-1/2"]
[ECO "A36"]
[WhiteElo "2436"]
[BlackElo "2303"]
[Annotator "TA"]
[PlyCount "45"]
[EventDate "2024.04.26"]
[EventType "swiss"]
[EventCountry "ITA"]
[SourceTitle "playchess.com"]
[Source "ChessBase"]
[SourceQuality "1"]
[TimeControl "40/5400+30:1800+30"]

1. c4 e5 2. g3 c5 3. Bg2 Nc6 4. Nc3 g6 5. a3 Bg7 {[%emt 0:00:08] [#]} 6. b4 $1 d6 7. Bb2 Nge7 8. b5 Nd4 {[%emt 0:01:23] The position is equal.} 9. e3 Ne6 10. Nge2 O-O 11. h4 Nc7 12. Rc1 Rb8 13. h5 b6 14. Qc2 d5 15. cxd5 Nexd5 16. Nxd5 Nxd5 17. d3 Bb7 18. hxg6 hxg6 {[%emt 0:00:46][%cal Od5e3] [#] Strongly threatening ...Nxe3!} 19. e4 Nc7 20. a4 a6 21. bxa6 Bxa6 22. Rd1 Ne6 23. Qb1 {[%emt 0:00:00] Weighted Error Value: White=0.17 (very precise) /Black=0.14 (very precise) .  Mistake:       	White=1     	---        Inaccurate:     	White=6     	Black=3      OK:         	White=5     	Black=4} ({White should try} 23. Nc3 $15) 1/2-1/2

[Event "Sardinia World Festival-A 2024"]
[Site "Orosei"]
[Date "2024.04.29"]
[Round "3.27"]
[White "Degraeve, Remy"]
[Black "Krishnan, Ritvik"]
[Result "0-1"]
[ECO "A37"]
[WhiteElo "2432"]
[BlackElo "2277"]
[Annotator "TA"]
[PlyCount "68"]
[EventDate "2024.04.26"]
[EventType "swiss"]
[EventCountry "ITA"]
[SourceTitle "playchess.com"]
[Source "ChessBase"]
[SourceQuality "1"]
[TimeControl "40/5400+30:1800+30"]

1. c4 c5 2. Nf3 Nc6 3. g3 g6 4. Bg2 Bg7 5. Nc3 e6 6. h4 Nf6 7. d4 cxd4 8. Nxd4 {[%emt 0:00:10] The position is equal.} O-O 9. c5 Nxd4 10. Qxd4 Nd5 {[%emt 0:00:40] Prevents Bf4} 11. Qc4 Nxc3 12. bxc3 Qc7 13. h5 (13. Bf4 $11 Be5 14. Bxe5 Qxe5 15. a4) 13... d5 $36 {[%emt 0:07:05][%mdl 2048] Keeping White busy.} 14. Qh4 {[%emt 0:10:17][%mdl 8192] Now White is beyond hope.} (14. Qb4 $17) 14... Bxc3+ $19 (14... Qxc5 15. O-O $17) 15. Kf1 Bxa1 16. Bf4 Qd7 ({And not} 16... Qxc5 17. hxg6 h5 18. Qxh5) 17. e4 dxe4 {[%emt 0:02:39] ( -> ...Qd1#)} 18. Bxe4 f5 19. hxg6 fxe4 20. Bd6 hxg6 21. Qxe4 {[%emt 0:01:22] [#]} Qf7 $1 22. Bxf8 Kxf8 23. Kg2 Qf5 24. Qb4 Bf6 25. Rd1 Be7 26. Qc3 Qf6 27. Qc1 e5 {[%emt 0:01:19] aiming for ...Bg4.} 28. f4 {[%emt 0:00:41] [#]} Bd7 $1 29. fxe5 (29. Qe3 Bc6+) 29... Bc6+ 30. Kg1 Qg5 31. Qc3 Kg8 {[%emt 0:00:51] Black mates.} 32. Rd3 Rf8 33. Qc4+ Kg7 34. Qc3 Qh5 {[%emt 0:00:42] Weighted Error Value: White=1.10/Black=0.24 (precise) .  Loses game:     	White=1     	---        Mistake:       	White=1     	---        OK:         	White=2     	Black=4      Best:        	---       	Black=2} 0-1

[Event "Sardinia World Festival-A 2024"]
[Site "Orosei"]
[Date "2024.04.29"]
[Round "3.28"]
[White "Aghayev, Miragha"]
[Black "Dalaud, Dorian"]
[Result "1-0"]
[ECO "B07"]
[WhiteElo "2424"]
[BlackElo "2307"]
[Annotator "TA"]
[PlyCount "121"]
[EventDate "2024.04.26"]
[EventType "swiss"]
[EventCountry "ITA"]
[SourceTitle "playchess.com"]
[Source "ChessBase"]
[SourceQuality "1"]
[TimeControl "40/5400+30:1800+30"]

1. d4 Nf6 2. Nf3 g6 3. Nbd2 Bg7 4. e4 d6 5. Bb5+ Nc6 6. O-O {[%emt 0:19:05] B07: Pirc Defence: Miscellaneous Systems.} O-O 7. Re1 Nd7 8. Nc4 $146 ({Predecessor:} 8. Nf1 e5 9. c3 a6 10. Ba4 exd4 11. Bxc6 bxc6 12. cxd4 c5 13. Be3 Bb7 14. Qc2 {1-0 Salinas Herrera,P (2463)-Zherebukh,Y (2624) US Masters op 2023 (3)}) 8... e5 9. Bxc6 bxc6 10. Na5 c5 11. dxe5 Nxe5 12. Nxe5 Bxe5 13. Nc6 Qe8 14. Nxe5 Qxe5 15. Rb1 Bb7 16. b3 f6 17. Bb2 Qe6 18. Qd2 Rf7 19. Re3 Re8 20. Rbe1 Qd7 21. Qe2 Re6 22. h3 Rfe7 23. Qg4 (23. Qd3 $14) 23... Qe8 $11 24. Qf4 Qc6 (24... g5 $11 25. Qg4 h5) 25. Kh2 (25. Bxf6 $2 Rf7 (25... Rxe4 26. Qg5 $11) 26. f3 Rfxf6 $19 (26... Rexf6 $2 27. Qg5 $19)) 25... d5 (25... Rxe4 $2 26. Rxe4 f5 (26... Rxe4 $2 27. Qxf6 $18) 27. f3 (27. Rxe7 $2 Qxg2#) 27... fxe4 28. Qf6 $18) 26. exd5 Qxd5 27. f3 (27. Bxf6 $2 Qxg2#) 27... Rxe3 28. Rxe3 Rxe3 29. Qxe3 Qd6+ 30. Kg1 Qd1+ 31. Kh2 Qd6+ 32. Kh1 Qd1+ 33. Qg1 Qxc2 34. Bxf6 Qf5 $1 35. Qa1 Kf7 (35... Bxf3 $5 36. Kg1 (36. gxf3 Qxh3+ 37. Kg1 Qg3+ 38. Kf1 Qxf3+ 39. Ke1 Kf7 $11) 36... Bd5 $11) 36. Be5 (36. Bh8 $5) 36... Qd7 $2 (36... Bxf3 $11 {and Black has nothing to worry.} 37. gxf3 Qxf3+ 38. Kh2 (38. Kg1 Qe3+ 39. Kg2 Qe2+ 40. Kg1 Qe3+ 41. Kg2 Qe2+ 42. Kg1 Qe3+ $11) 38... Qf2+ 39. Kh1 Qf3+ 40. Kg1 Qe3+ 41. Kg2 Qe2+ 42. Kh1 Qf3+) 37. Qc1 $18 Qd5 (37... h5 $142 38. Qxc5 g5 39. Bxc7 (39. Qxa7 Qd5 $18) 39... Kg6 40. Qc2+ Kh6) 38. Qf4+ $18 Ke8 39. Bxc7 a6 40. Bb6 Kd7 41. Qc7+ Ke6 42. Bxc5 Qd7 43. Qf4 Qd1+ 44. Kh2 Qd5 45. Qb4 Bc6 46. Kh1 Bb7 47. Bg1 Qd7 48. Qf4 Qd6 49. Qh4 Qe7 50. Qc4+ Kd7 51. Bf2 Qe6 52. Qa4+ Kc8 53. Qf4 Qf5 54. Qc4+ Kd7 55. Qd4+ Bd5 56. Qa7+ Ke8 57. Qxa6 Bxf3 $2 (57... h5 58. a4 g5 59. Qe2+ Qe6 60. Qxe6+ Bxe6) 58. gxf3 $18 Qxf3+ 59. Kg1 Qxh3 60. Qc6+ Kf7 61. Qc4+ 1-0

[Event "Sardinia World Festival-A 2024"]
[Site "Orosei"]
[Date "2024.04.29"]
[Round "3.29"]
[White "Andreev, Konstantin"]
[Black "Haldorsen, Benjamin"]
[Result "0-1"]
[ECO "B12"]
[WhiteElo "2244"]
[BlackElo "2419"]
[Annotator "RC"]
[PlyCount "56"]
[EventDate "2024.04.26"]
[EventType "swiss"]
[EventCountry "ITA"]
[SourceTitle "playchess.com"]
[Source "ChessBase"]
[SourceQuality "1"]
[TimeControl "40/5400+30:1800+30"]

1. e4 c6 2. d4 d5 3. e5 Bf5 4. Nf3 e6 5. Be2 Nd7 6. O-O a5 7. a4 f6 8. Bd3 Bxd3 9. Qxd3 fxe5 10. dxe5 Qc7 11. Re1 Nc5 12. Qe2 Ne7 13. Bf4 Ng6 14. Bg3 Be7 15. Nbd2 O-O 16. Qe3 Rae8 17. c3 Qd8 18. Qd4 Rf5 19. Qg4 Qb6 20. Rab1 Nd3 21. Re3 Ndf4 22. Bxf4 Nxf4 23. Kh1 Bc5 24. Nd4 Bxd4 25. cxd4 Qxd4 26. Nb3 Qxa4 27. g3 h5 28. Qd1 Nh3 0-1

[Event "Sardinia World Festival-A 2024"]
[Site "Orosei"]
[Date "2024.04.29"]
[Round "3.30"]
[White "Shevchenko, Kirill"]
[Black "Deveci, Huseyin Said"]
[Result "1-0"]
[ECO "D17"]
[WhiteElo "2675"]
[BlackElo "2255"]
[Annotator "TA"]
[PlyCount "127"]
[EventDate "2024.04.26"]
[EventType "swiss"]
[EventCountry "ITA"]
[SourceTitle "playchess.com"]
[Source "ChessBase"]
[SourceQuality "1"]
[TimeControl "40/5400+30:1800+30"]

1. d4 d5 2. c4 c6 3. Nf3 Nf6 4. Nc3 dxc4 5. a4 Bf5 6. Ne5 Nbd7 7. Nxc4 Nb6 8. Ne5 e6 9. f3 a5 {[%emt 0:10:12] D17: Slav Defence: 5 a4 Bf5: Lines with 6 Nh4 and 6 Ne5.} 10. e4 Bg6 11. Be3 Nfd7 12. Nd3 Bd6 13. Qb3 O-O 14. Be2 Re8 $146 ({Predecessor:} 14... Qc7 15. f4 Rfe8 16. Rc1 Bf8 17. O-O f5 18. e5 Bf7 19. Bf3 Qb8 20. Rfd1 Nd5 21. Nxd5 exd5 {½-½ Kolev,A (2086)-Andreev,S (2210) BUL-ch sf 77th rapid 2013 (9)}) 15. O-O Kh8 16. Rad1 Rb8 17. Ne5 f6 (17... Qe7 $142) 18. Nxg6+ $16 hxg6 19. f4 f5 20. Rf3 Bb4 21. e5 (21. Bd3 $16) 21... Bxc3 ({Better is} 21... Kg8 $14) 22. bxc3 $16 (22. Qxc3 $6 Nxa4 23. Qa3 Nab6 $11) 22... Nd5 23. c4 Nxe3 24. Qxe3 Qe7 25. g4 Nf8 (25... fxg4 $16 {keeps fighting.} 26. Rg3 Qb4) 26. Kh1 (26. gxf5 $18 gxf5 27. Rh3+ Kg8 28. Kh1) 26... b5 (26... fxg4 $16 27. Rg3 Qb4) 27. gxf5 (27. axb5 fxg4 28. Rg3 cxb5 $16) 27... gxf5 28. cxb5 cxb5 29. Bxb5 ({White should play} 29. axb5 $18 {Hoping for d5.} Rec8 30. d5) 29... Red8 $16 30. Bc6 Rbc8 31. Bb5 (31. Rh3+ $16 Kg8 32. Qf3) 31... Qb7 32. Kg1 Rc2 33. Rf2 Rc7 34. Qf3 Qb6 35. Rfd2 Kg8 36. Kh1 (36. Kf1 $14) 36... Rd5 (36... Ng6 $11) 37. h4 g6 38. Qe3 Rh7 39. Rh2 Rd8 40. Kg1 Qa7 (40... Rc8 $1 $11 {remains equal.}) 41. Qf2 (41. h5 $16) 41... Qc7 42. Kg2 Qe7 43. Rd3 Rc8 44. Kg3 (44. Rh1 $14 {deserves consideration.}) 44... Qb4 $11 45. Rh1 Rhc7 46. Rhd1 Rc2 47. Qf3 Rb2 48. Bc6 Kg7 49. d5 Qb6 (49... exd5 $11 50. Rd4 (50. Qxd5 $2 {perishes.} Qb6 $19) (50. Bxd5 Rcc2 $15) 50... Qb6 51. Bxd5 Rcc2) 50. Qe3 $16 Qxe3+ 51. Rxe3 exd5 52. Bxd5 Rcc2 $2 (52... Rc7 $16 {is tougher.}) 53. e6 $18 Nh7 (53... Nxe6 {was necessary.} 54. Rxe6 Rc3+ 55. Bf3 Rbb3) 54. e7 $18 Nf6 55. e8=N+ (55. e8=B $2 {is a self mate.} Nh5+ 56. Kh3 Rh2#) 55... Nxe8 56. Rxe8 Rc3+ 57. Bf3 Rbb3 {[%emt 0:00:00] [#]} 58. Rf1 $1 ({Weaker is} 58. Rd7+ Kf6 $11) 58... Rb4 59. Ra8 Rxa4 60. Rd1 Rc7 61. Rd5 Re7 62. Rdxa5 Rxa5 63. Rxa5 Re6 64. Rc5 1-0

[Event "Sardinia World Festival-A 2024"]
[Site "Orosei"]
[Date "2024.04.29"]
[Round "3.31"]
[White "Lever, Erwan"]
[Black "Van Foreest, Jorden"]
[Result "0-1"]
[ECO "E01"]
[WhiteElo "2254"]
[BlackElo "2668"]
[Annotator "TA"]
[PlyCount "48"]
[EventDate "2024.04.26"]
[EventType "swiss"]
[EventCountry "ITA"]
[SourceTitle "playchess.com"]
[Source "ChessBase"]
[SourceQuality "1"]
[TimeControl "40/5400+30:1800+30"]

1. d4 e6 2. Nf3 c5 3. c4 cxd4 4. Nxd4 Nf6 5. g3 d5 6. Bg2 e5 7. Nf3 d4 8. O-O Nc6 9. e3 Be7 10. exd4 exd4 11. Bf4 O-O 12. Ne5 Qb6 13. Qb3 Nb4 (13... Na5 $11 14. Qxb6 axb6) 14. Na3 Bf5 15. Rfe1 (15. Rac1 $11) 15... Bc5 $15 {[%emt 0:04:16] Threatens to win with ...d3.} 16. Rad1 ({Better is} 16. Qf3 $15) 16... d3 $19 17. Be3 Rae8 18. Bxc5 Qxc5 19. Qc3 (19. Re3 $142) 19... Nxa2 20. Nxd3 Nxc3 21. Nxc5 Nxd1 22. Rxd1 b6 23. Nb3 Rd8 24. Ra1 Rd3 {[%emt 0:00:13] Black took control after the opening.   Weighted Error Value: White=0.44/Black=0.09 (flawless) .  Mistake:       	White=3     	Black=1      Inaccurate:     	White=2     	---        OK:         	White=2     	Black=8      Best:        	White=2     	Black=1} 0-1

[Event "Sardinia World Festival-A 2024"]
[Site "Orosei"]
[Date "2024.04.29"]
[Round "3.32"]
[White "Samunenkov, Ihor"]
[Black "Balabayeva, Xeniya"]
[Result "1/2-1/2"]
[ECO "E05"]
[WhiteElo "2548"]
[BlackElo "2248"]
[Annotator "TA"]
[PlyCount "94"]
[EventDate "2024.04.26"]
[EventType "swiss"]
[EventCountry "ITA"]
[SourceTitle "playchess.com"]
[Source "ChessBase"]
[SourceQuality "1"]
[TimeControl "40/5400+30:1800+30"]

1. d4 d5 2. c4 e6 3. Nf3 Nf6 4. g3 Be7 5. Bg2 O-O 6. O-O dxc4 7. Qc2 a6 8. a4 c5 9. dxc5 Bxc5 10. Qxc4 Qe7 11. Ne1 e5 12. Nc3 Be6 13. Qh4 h6 14. Nd3 {[%emt 0:03:51][%cal Oc1h6] aiming for Bxh6!} Bd4 (14... Bd6 $11) 15. Ne4 $14 {[%emt 0:06:57][%cal Oc1h6] Hoping for Bxh6!} Nbd7 16. Bd2 a5 {[%emt 0:03:14] Wards off Bb4} 17. e3 Bb6 18. Bc3 Bf5 {[%emt 0:04:26] White must now prevent ...Bxe4.} 19. Nxf6+ Qxf6 {[%emt 0:00:26] [#]} 20. Qxf6 ({Better is} 20. Qc4 $1 $16) 20... gxf6 $11 21. Rfd1 Rab8 22. Kf1 Rfc8 23. Ke2 Be6 24. Rd2 Nc5 25. Nxc5 Rxc5 26. Ke1 Bc7 27. Bf1 Bc4 (27... f5 $11 {keeps the balance.}) 28. Bxc4 Rxc4 29. Rd5 b6 30. Ke2 Re8 31. Kd3 Rc6 32. Ke4 Kg7 {[%emt 0:00:47] [#]} 33. Kf5 $1 $36 {[%emt 0:00:37][%mdl 2048] White is more active.} Rc4 34. Rd7 h5 (34... Re6 $14) 35. Rad1 $16 {[%emt 0:00:47] Active counter play!} Re6 36. e4 Rcc6 37. R1d5 Rc4 (37... Bd6 $16 38. Rb7 Kf8) 38. h4 $18 Rec6 $2 (38... Re8 {was worth a try.} 39. f3 Rf8) 39. Re7 $2 (39. g4 $18 {and White stays clearly on top.} hxg4 40. h5 Rxc3 41. bxc3 Rxc3 42. Kxg4) 39... Bd6 $16 40. Rd7 ({White should play} 40. Ra7 $16) 40... Bb4 {[%emt 0:00:52] The position is equal.} 41. Rb7 (41. Bxb4 {simplifies} Rxb4 42. Rb7 Rxb2 43. f4) 41... Bxc3 42. Rdd7 {[%emt 0:04:28] Dodges Rc7} Bb4 $1 (42... Bxb2 $2 {is the wrong capture.} 43. Rxf7+ Kg8 44. Rg7+ Kf8 45. Kg6 (45. Rh7 Kg8 $18) 45... f5+ (45... Rxa4 46. Rb8+) 46. Kh7 $18 (46. Kxh5 Rxe4 47. Rh7 Kg8 $11) (46. Kxh5 Rxe4 47. Rbf7+ Ke8 $11)) 43. Rxf7+ Kg8 44. Rg7+ Kh8 $1 45. Rh7+ Kg8 46. Rhg7+ (46. Rxh5 Bf8 47. Rb8 Rc2 $19 (47... Rxa4 48. Rh6 $11)) 46... Kh8 $1 47. Rh7+ Kg8 {[%emt 0:00:06] White really could win this.   Weighted Error Value: White=0.24 (precise) /Black=0.30.  Missed win:     	White=1     	---        Mistake:       	White=2     	Black=5      Inaccurate:     	White=1     	Black=4      OK:         	White=15    	Black=9      Best:        	White=4     	Black=2      Strong:       	White=1     	Black=3} 1/2-1/2

[Event "Sardinia World Festival-A 2024"]
[Site "Orosei"]
[Date "2024.04.29"]
[Round "3.33"]
[White "Costa, Leonardo"]
[Black "Kurmangaliyeva, Liya"]
[Result "1-0"]
[ECO "C54"]
[WhiteElo "2476"]
[BlackElo "2230"]
[Annotator "TA"]
[PlyCount "81"]
[EventDate "2024.04.26"]
[EventType "swiss"]
[EventCountry "ITA"]
[SourceTitle "playchess.com"]
[Source "ChessBase"]
[SourceQuality "1"]
[TimeControl "40/5400+30:1800+30"]

1. e4 e5 2. Nf3 Nc6 3. Bc4 Bc5 4. c3 Nf6 5. d3 a5 6. O-O {[%emt 0:00:17] Black should prevent d4.} d6 7. Re1 O-O 8. h3 {[%emt 0:00:02] The position is equal.} h6 9. d4 Ba7 10. Bb3 Re8 11. Bc2 exd4 12. cxd4 Nb4 13. Nc3 Nxc2 14. Qxc2 c6 15. a3 Bd7 16. Bf4 Nh5 17. Bh2 Qc8 (17... Nf6 $11 {remains equal.}) 18. Kh1 {[%emt 0:10:46] White is more active.} (18. Qd3 $16) 18... c5 (18... Nf6 $1 $11) 19. Rad1 (19. Bxd6 $2 cxd4 20. Nxd4 Bxd4 $19) 19... cxd4 20. Nxd4 Qc5 21. Re2 Nf6 22. Nb3 {[%emt 0:04:08] A dynamic duo of knights.} (22. f3 $16) 22... Qh5 $14 23. Rxd6 (23. Bxd6 Rac8 $11) 23... a4 24. Nd4 {[%emt 0:04:30] Threatening Rd2.} Bc5 25. Rxf6 gxf6 26. Rd2 {[%emt 0:02:12] Nd5 would now be deadly.} Bxd4 27. Rxd4 Bc6 28. Qd2 Qg6 29. f3 $36 {[%emt 0:08:05][%mdl 2048] Black is under pressure.} Kh7 30. Bf4 f5 31. exf5 Qxf5 32. Bxh6 {[%emt 0:00:20] [#] Black must now prevent Be3.} Bxf3 $2 {[%emt 0:01:58][%mdl 8192] A mistake that costs the game.} 33. Rh4 $18 {[%emt 0:05:59][%cal Oh6g7] Bg7+! would kill now.} Bh5 34. Bg5 {[%emt 0:01:28] Dodges Rad8} Kg6 35. Nd5 ({And not} 35. Rxh5 Qf1+ 36. Kh2 Kxh5 $11) 35... f6 $2 {[%emt 0:01:35] [#]} (35... Qxg5 36. Nf4+ Kh6 (36... Kh7 $2 37. Rxh5+ $18)) 36. Bxf6 Kf7 37. Rf4 Qb1+ 38. Kh2 {[%emt 0:00:02] White mates.} Ra6 39. Bc3+ Kg8 40. Nf6+ Rxf6 41. Rxf6 {[%emt 0:30:03] Weighted Error Value: White=0.09 (flawless) /Black=0.40.  Loses game:     	---       	Black=1      Mistake:       	White=2     	Black=3      Inaccurate:     	White=3     	Black=3      OK:         	White=13    	Black=13     Best:        	White=2     	Black=4} 1-0